 Dungeon Crawl Stone Soup version 0.29-a0-22-gbf593b16ee (webtiles) character file.

Game seed: 16001039082774042013

44 bande the Covered (level 3, -3/23 HPs)
             Began as a Gargoyle Fighter on Jan 30, 2022.
             Killed from afar by Natasha (7 damage)
             ... with a magic dart
             ... on level 2 of the Dungeon.
             The game lasted 00:04:02 (1215 turns).

bande the Covered (Gargoyle Fighter)                Turns: 1215, Time: 00:04:03

Health: -3/23      AC: 14    Str: 19    XL:     3   Next: 60%
Magic:  3/3        EV:  5    Int:  8    God:
Gold:   70         SH:  4    Dex: 11    Spells: 2/2 levels left

rFire   . . .      SeeInvis .   a - +0 war axe
rCold   . . .      Faith    .   c - +0 buckler
rNeg    + . .      Spirit   .   e - +0 plate armour
rPois   ∞          Reflect  .   (no helmet)
rElec   +          Harm     .   (no cloak)
rCorr   .          Rampage  .   (no gloves)
Will    .....                   (no boots)
Stlth   ..........              i - amulet of regeneration
HPRegen 0.87/turn               (no ring)
MPRegen 0.08/turn               (no ring)

@: mighty, weak-willed
A: sickness immunity, AC +3, negative energy resistance 1, electricity
resistance, torment resistance 1, petrification resistance
a: no special abilities


You were on level 2 of the Dungeon.
You visited 1 branch of the dungeon, and saw 2 of its levels.

You collected 70 gold pieces.

Inventory:

Hand Weapons
 a - a +0 war axe (weapon)
Armour
 c - a +0 buckler (worn)
 e - a +0 plate armour (worn)
Jewellery
 f - a ring of ice
 i - an amulet of regeneration (around neck)
 j - a ring of wizardry
Wands
 k - a wand of flame (18)
Potions
 b - a potion of heal wounds {unknown}
 d - 2 potions of might
 g - a potion of haste {unknown}
 h - a potion of cancellation {unknown}
 n - a potion of invisibility {unknown}


   Skills:
 + Level 3.6 Fighting
 + Level 2.2 Axes
 + Level 3.8 Armour
 + Level 3.6 Shields
 * Level 0.8 Evocations


You had 2 spell levels left.
You didn't know any spells.
Your spell library was empty.

Dungeon Overview and Level Annotations

Branches:
Dungeon (2/15)

Altars:

Annotations:
D:2 Natasha


Innate Abilities, Weirdness & Mutations

You are immune to sickness and miasma.
Your stone body is resilient. (AC +3)
You are immune to poison.
You resist negative energy. (rN+)
You are resistant to electric shocks. (rElec)
You are resistant to unholy torment.
You are immune to petrification.


Message History

Natasha's front paws start to glow.
The iron imp hits you!
Natasha mumbles some strange words.
You hit the iron imp.
The iron imp is heavily wounded.
You hit Natasha.
The iron imp hits you but does no damage.
Natasha claws you but does no damage. The iron imp hits you.
You are too injured to fight recklessly!
You are too injured to fight recklessly!
You are too injured to fight recklessly!
You are too injured to fight recklessly!
You are too injured to fight recklessly!
You are too injured to fight recklessly!
Unknown command.
You slash Natasha!
Natasha is severely wounded.
You hit the iron imp. Natasha casts a spell at you. The magic dart hits you.
* * * LOW HITPOINT WARNING * * *
The crimson imp blinks!
The iron imp hits you but does no damage.
Natasha claws you.
* * * LOW HITPOINT WARNING * * *
You hit Natasha but do no damage.
Natasha is severely wounded.
You slash the iron imp!
You kill the iron imp!
The iron imp disappears in a puff of smoke!
Natasha closely misses you.
Unknown command.
You feel very mighty all of a sudden. Natasha claws you.
* * * LOW HITPOINT WARNING * * *
You barely miss Natasha.
Natasha is severely wounded.
Natasha stares at you and mumbles some strange words.
The magic dart hits you!
You die...

..###.....##.......############
#.# #............##### #..<..#
#.###................##
#.#######
#.....................#
#.#......
......................#
#.#.####.
.........###..........###...#
#.
.............##...........###
#. ....#####......§h.5.......#
#. ..(..... .......@.........#
#. ........ .................#
#. ........ .................#
#† ........ ........##########
#. ..##.... ........# #. ..#
.... ....############ #. .>.#
.. ...............# #. ...#
...............########. ..
......................


You could see Natasha and a crimson imp (summoned).

Vanquished Creatures
  Natasha (D:2)
  2 endoplasms
  2 giant cockroaches (D:1)
  A hobgoblin (D:2)
  2 kobolds
  3 quokkas
  2 ball pythons (D:2)
  2 bats (D:1)
  3 rats
18 creatures vanquished.

Notes
Turn   | Place    | Note
-------+----------+-------------------------------------------
     0 | D:1      | bande the Gargoyle Fighter began the quest for the Orb.
     0 | D:1      | Reached XP level 1. HP: 14/14 MP: 1/1
   137 | D:1      | You fall into a shaft and drop 1 floor!
   444 | D:2      | Reached XP level 2. HP: 14/19 MP: 2/2
   532 | D:2      | Noticed Natasha
   539 | D:2      | Killed Natasha
   540 | D:2      | Reached XP level 3. HP: 23/23 MP: 3/3
  1206 | D:2      | Noticed Natasha
  1215 | D:2      | Killed from afar by Natasha

Illustrated notes

Levels and vault maps discovered:
D:1:      lemuel_arrival_lava_pool, layout_loops_ring
D:2:      layout_basic, uniq_natasha

Skill      XL: |  1  2 |
---------------+-------+-----
Axes           | 2 |  2.2
Fighting       | |  3.6
Armour         | |  3.8
Shields        | |  3.6
Evocations     | |  0.8

Action                   || total
-------------------------++-------
Melee: War axe           ||    57
  Use: Scroll            ||     3
       Potion            ||     1
Armor: Plate armour      ||    44
Dodge: Dodged            ||    20
Block: Buckler           ||    10

Table legend: (Time is in decaauts)
 A = Elapsed time spent in this place.
 B = Non-inter-level travel time spent in this place.
 C = Inter-level travel time spent in this place.
 D = Time resting spent in this place.
 E = Time spent auto-exploring this place.
 F = Levels seen in this place.
 G = Mean time per level.
                   A        B        C        D        E       F      G
               +--------+--------+--------+--------+--------+-----+--------+
         Total |   1246 |   1191 |     55 |      0 |    930 |   2 |  623.0 |
       Dungeon |   1246 |   1191 |     55 |      0 |    930 |   2 |  623.0 |
               +--------+--------+--------+--------+--------+-----+--------+

Top non-repeatable levels by time:
     D:1: 760 daAuts
     D:2: 486 daAuts
